 Dungeon Crawl Stone Soup version 0.17-a0-1614-g2062e81 (console) character file.

92 Monkaria the Ducker (level 4, -6/31 HPs)
             Began as a Felid Berserker on Aug 1, 2015.
             Was a Believer of Trog.
             Mangled by Pikel
             ... wielding a +1 whip of electrocution
              (10 damage)
             ... on level 4 of the Dungeon.
             The game lasted 00:03:30 (2574 turns).

Monkaria the Ducker (Felid Berserker)               Turns: 2574, Time: 00:03:30

Health: -6/31      AC:  1    Str: 19    XL:     4   Next: 35%
Magic:  5/5        EV: 22    Int:  8    God:    Trog [**....]
Gold:   112        SH:  0    Dex: 16    Spells: 0 memorised, 3 levels left
                                        Lives:  0   Deaths: 1

rFire  . . .     SeeInvis +       - Unarmed
rCold  . . .     Clarity  .     (armour unavailable)
rNeg   . . .     SustAt   .     (shield unavailable)
rPois  .         Gourm    .     (helmet unavailable)
rElec  .         Spirit   .     (cloak unavailable)
rCorr  .         Warding  .     (gloves unavailable)
rMut   .         Rnd*Tele +     (boots unavailable)
MR     ++...                    (no amulet)
Stlth  ..........               d - ring of teleportation (curse)
                                i - ring of loudness (curse)

@: berserking, regenerating, very quick, very resistant to hostile enchantments,
extremely unstealthy
A: no armour, no weapons or thrown items, claws 1, fangs 3, see invisible,
carnivore 3, speed 1, shaggy fur 1, slow metabolism 1, sharp paws
a: Burn Spellbooks, Berserk, Trog's Hand, Renounce Religion, Evoke Teleportation


You were on level 4 of the Dungeon.
You worshipped Trog.
Trog was pleased with you.
You were not hungry.

You visited 1 branch of the dungeon, and saw 4 of its levels.

You collected 112 gold pieces.

Inventory:

Jewellery
 d - a cursed ring of teleportation (right paw)
 i - a cursed ring of loudness (left paw)
 k - an uncursed amulet of rage {unknown}
Magical devices
 c - a wand of slowing (26)
Scrolls
 b - a scroll of teleportation
 f - a scroll of random uselessness {unknown}
 h - a scroll of identify {unknown}
 j - a scroll of fear
Potions
 e - a potion of flight {unknown}
 g - 3 potions of lignification {unknown}
 l - a potion of invisibility {unknown}
 n - a potion of cancellation {unknown}
Comestibles
 a - 5 meat rations
 m - a royal jelly


   Skills:
 - Level 3.0 Fighting
 - Level 7.2 Dodging
 + Level 3.6 Stealth
 - Level 3.0 Unarmed Combat


You had 3 spell levels left.
You didn't know any spells.

Dungeon Overview and Level Annotations

Branches:
Dungeon (4/15)
 Temple: D:4-7

Altars:
Cheibriados
Fedhas
Okawaru
Qazlal
Trog

Annotations:
D:3 Bikaver's ghost, average OgHu
D:4 Amnekian's ghost, average TrMo; Pikel


Innate Abilities, Weirdness & Mutations

You cannot wear armour.
You are incapable of wielding weapons or throwing items.
You have sharp claws.
You have razor-sharp teeth.
You have supernaturally acute eyesight.
You are carnivorous and can eat meat at any time.
You cover ground quickly.
You are covered in fur (AC +1).
You have a slow metabolism.
Your sharp claws are effective at attacking unaware monsters.


Message History

Your skin crawls.
You feel resistant to hostile enchantments.
You feel slightly more hungry. Pikel closely misses you.
Use which ability? (? or * to list)
A red film seems to cover your vision as you go berserk!
You feel yourself moving faster!
You feel mighty!
You feel quite a bit more hungry. Pikel completely misses you.
You scratch Pikel but do no damage.
Pikel is lightly wounded.
You barely miss Pikel.
Pikel is lightly wounded.
Pikel hits you with a whip of electrocution.
You are electrocuted!
* * * LOW HITPOINT WARNING * * *
You barely miss Pikel.
Pikel is lightly wounded.
You barely miss Pikel.
Pikel is lightly wounded.
Pikel hits you with a whip of electrocution!
You die...

.#...# # ###..# .# ##
#....# .# #. #.##># .###
.. #.##.## ... ##
..##..# ..## # ...##.#
##...##.# # ..###.#
#........ # ### #.# #@#
### #.# #####K# +.. #.#
##.l.pl# . ##.
#.#####.p##### .. ##
#####..##...###### #..##
#.........l.....!a.....l
#...
#........p####..###..p.#
##### #......##......##
#....##.# #....
#......#.p.#####
#....##.# #.###


You could see Pikel, a slave and an iguana.

Vanquished Creatures
  A hound (D:4)
  An orc priest (D:4)
  An adder (D:2)
  3 gnolls (D:2)
  A worm (D:3)
  6 orcs
  7 bats
  5 giant cockroaches
  10 hobgoblins
  10 jackals
  5 kobolds
  2 quokkas (D:2)
  6 giant geckos
  2 giant newts
  6 goblins
  6 rats
72 creatures vanquished.

Notes
Turn   | Place    | Note
--------------------------------------------------------------
     0 | D:1      | Monkaria the Felid Berserker began the quest for the Orb.
     0 | D:1      | Reached XP level 1. HP: 10/10 MP: 2/2
   328 | D:1      | Reached XP level 2. HP: 12/14 MP: 3/3
   393 | D:1      | Reached skill level 5 in Dodging
   674 | D:2      | Acquired Trog's second power
   680 | D:2      | Reached XP level 3. HP: 8/17 MP: 4/4
   735 | D:2      | Found a blossoming altar of Fedhas.
   736 | D:2      | Found a stormy altar of Qazlal.
   838 | D:2      | Found an iron altar of Okawaru.
   865 | D:2      | Reached skill level 6 in Dodging
   890 | D:2      | Reached XP level 4. HP: 21/21 MP: 5/5
   892 | D:2      | Found a snail-covered altar of Cheibriados.
  1519 | D:3      | Found a bloodstained altar of Trog.
  1525 | D:3      | Reached skill level 7 in Dodging
  1697 | D:3      | Noticed Bikaver's ghost (average OgHu)
  2206 | D:4      | Noticed Amnekian's ghost (average TrMo)
  2330 | D:4      | Noticed a slave
  2333 | D:4      | Noticed a slave
  2333 | D:4      | Reached XP level 5. HP: 24/24 MP: 6/6
  2336 | D:4      | Noticed Pikel
  2337 | D:4      | Noticed a slave
  2339 | D:4      | Noticed a slave
  2539 | D:4      | Slain by a worker ant
  2540 | D:4      | Reached XP level 4. HP: -3/21 MP: 5/5
  2574 | D:4      | Mangled by Pikel

Vault maps used:
D:1:      evilmike_arrival_rings
D:2:      grunt_temple_overflow_forces_of_nature, cheibriados_altar_wand_db,
          serial_glass, glass_columns_b, glass_columns_a, glass_columns_a,
          glass_columns_b, okawaru_trees_1
D:3:      trog_three_pillars_becter
D:4:      temple_statues, grunt_ministairs_15, minmay_mini_ossuary, uniq_pikel

Action                   |  1- 3 |  4- 6 || total
-------------------------+-------+-------++-------
Melee: Unarmed           |   114 |   128 ||   242
Invok: Trog's Hand       |     1 |     3 ||     4
       Berserk           |     1 |     2 ||     3
  Use: Scroll            |     5 |       ||     5
 Stab: Sleeping          |     7 |       ||     7
  Eat: Chunk             |       |    11 ||    11
